 Dungeon Crawl Stone Soup version 0.31-a0-263-ge8cad7f256 (webtiles) character file.

Game seed: 8815158734547101793

1902 qw the Skirmisher (level 9, 0/55 HPs)
             Began as a Gargoyle Hexslinger on July 13, 2023.
             Was a Follower of Okawaru.
             Slain by a yak (12 damage)
             ... on level 7 of the Dungeon.
             The game lasted 00:02:21 (5212 turns).

qw the Skirmisher (Gargoyle Hexslinger)             Turns: 5212, Time: 00:02:21

Health: 0/55       AC: 14    Str: 11    XL:     9   Next: 15%
Magic:  9/10       EV: 15    Int: 15    God:    Okawaru [*.....]
Gold:   1391       SH:  0    Dex: 16    Spells: 9/10 levels left

rFire   + + .        Y - +3 sling
rCold   . . .        (no shield)
rNeg    + + .        m - +2 robe
rPois   inf          (no helmet)
rElec   +            (no cloak)
rCorr   .            d - +2 pair of gloves
SInv    .            (no boots)
Will    .....        (no amulet)
Stlth   +++          g - ring of the Lotus Blossom {rF++ rN+}
HPRegen 0.29/turn    h - +4 ring of slaying {mikee}
MPRegen 0.12/turn

%: no passive effects
@: heroic
A: sickness immunity, AC +6, negative energy resistance 1, electricity
resistance, torment resistance 1, petrification resistance
a: Renounce Religion, Heroism


You were on level 7 of the Dungeon.
You worshipped Okawaru.
Okawaru was aware of your devotion.
You visited 1 branch of the dungeon, and saw 7 of its levels.
You also visited: Sewer.

You collected 1391 gold pieces.


Innate Abilities, Weirdness & Mutations

You are immune to sickness and miasma.
Your stone body is resilient. (AC +6)
You are immune to poison.
You resist negative energy. (rN+)
You are resistant to electric shocks. (rElec)
You are resistant to unholy torment.
You are immune to petrification.


   Skills:
 - Level 6.2(11.2) Fighting
 + Level 9.9(14.9) Ranged Weapons
 - Level 1.0(6.0) Armour
 - Level 2.1(7.1) Dodging
 - Level 1.0 Spellcasting
 - Level 2.6 Hexes
 + Level 2.2 Invocations


You had 9 spell levels left.
You knew the following spells:

 Your Spells              Type           Power      Damage    Failure   Level
a - Slow                  Hex            32%        N/A       9%          1

Your spell library contained the following spells:

 Spells                   Type           Power      Damage    Failure   Level
 Inner Flame              Hex/Fire       4%         N/A       38%         3
 Portal Projectile        Hex/Tloc       8%         N/A       38%         3
 Cause Fear               Hex            4%         N/A       63%         4

Inventory:

Hand Weapons
 Y - a +3 sling (weapon)
Armour
 d - a +2 pair of gloves (worn)
 m - a +2 robe (worn)
Jewellery
 f - a ring of fire
 g - the ring of the Lotus Blossom (left hand) {rF++ rN+}
   (You acquired it on level 3 of the Dungeon)

   [ring of positive energy]

   rF:        It greatly protects you from fire.
   rN:        It protects you from negative energy.
 h - a +4 ring of slaying (right hand) {mikee}
 n - a ring of protection from cold
Scrolls
 c - 2 scrolls of identify
 i - 2 scrolls of fear {unknown}
Potions
 a - a potion of curing
 b - a potion of degeneration {unknown}
 e - a potion of cancellation
 j - a potion of brilliance {unknown}
 k - a potion of haste {unknown}
 l - a potion of might
 o - 2 potions of heal wounds

Dungeon Overview and Level Annotations

Branches:
Dungeon (7/15)             Temple (0/1) D:6           Sewer (visited)

Altars:
Cheibriados
Elyvilon
Fedhas
Makhleb
Okawaru
Trog
Wu Jian
Xom
The Shining One

Annotations:
D:3 2 transporters, qw's ghost, amateur GrHs


Message History

You shoot a sling bullet. The orc priest shouts!
The sling bullet hits the yak!
The yak is moderately wounded.
You shoot a sling bullet. The sling bullet hits the yak.
The yak is moderately wounded.
The orc hits you with a +0 dagger. The yak gores you.
The yak gores you but does no damage.
You shoot a sling bullet. The sling bullet hits the yak.
The yak is moderately wounded.
The orc barely misses you. The orc closely misses you. The yak gores you!
The yak barely misses you.
You shoot a sling bullet.
The sling bullet closely misses the yak.
The sling bullet hits the orc!
You kill the orc!
Okawaru accepts your kill. The orc barely misses you.
The orc hits you but does no damage.
The orc wizard casts a spell.
The orc wizard flickers and vanishes!
Deactivating autopickup; reactivate with Ctrl-A.
The orc priest looks satisfied for a moment.
The yak barely misses you. The yak gores you.
You hear a shout!
You shoot a sling bullet. The sling bullet hits the yak.
The yak is moderately wounded.
You shoot a sling bullet. The sling bullet hits the yak!
The yak is heavily wounded.
The orc closely misses you.
A magic dart appears from out of thin air!
The magic dart hits you but does no damage.
The orc warrior misses you.
An orc wizard comes into view. It is wielding a +0 dagger.
The yak barely misses you. The yak gores you!
You shoot a sling bullet. The sling bullet hits the yak!
The yak is severely wounded.
The orc hits you but does no damage. x2
The orc warrior hits you from afar with a +0 trident!
The yak gores you but does no damage. The yak gores you!
You die...

#####.............#....
.#.......)##########....
.................. #....
.......###........ #....
....... #........ #####
.......###........ #####
.........'........ +....
......oo.#........ #....
.......@Y#........ #....
......YY.#........ #....
...).ooY.#........ #....
.[....o).##...######....
.......### .... ........
.[.!... .............
......o ........ .......
.##.)... ....###)


You could see 4 yaks, an orc warrior, an orc priest, 2 orc wizards and 2 orcs.

Vanquished Creatures
  Sigmund (D:5)
  2 yaks (D:7)
  Duvessa (D:5)
  2 black bears
  2 ogres
  3 kobold brigands
  2 scorpions
  Dowan (D:5)
  2 jellies
  A hound (D:5)
  2 orc priests
  A gnoll bouda (D:5)
  2 iguanas
  3 orc wizards
  9 adders
  3 gnolls (D:5)
  3 white imps
  A worm (D:3)
  6 dart slugs
  16 orcs
  5 ball pythons
  12 endoplasms
  7 giant cockroaches
  6 hobgoblins
  7 jackals
  5 quokkas
  7 bats
  5 frilled lizards
  12 goblins
  20 kobolds
  8 rats
157 creatures vanquished.

Notes
Turn   | Place    | Note
-------+----------+-------------------------------------------
     0 | D:1      | qw the Gargoyle Hexslinger began the quest for the Orb.
     0 | D:1      | Reached XP level 1. HP: 12/12 MP: 2/2
     0 | D:1      | 0 ||| qw: Version: 0.3-a-52-g30416fa
     0 | D:1      | 0 ||| qw: Game counter: 7468
     0 | D:1      | 0 ||| qw: Melee chars always use a shield: true
     0 | D:1      | 0 ||| qw: God list: Okawaru
     0 | D:1      | 0 ||| qw: Allow faded altars: false
     0 | D:1      | 0 ||| qw: Do Orc after clearing Dungeon:15 true
     0 | D:1      | 0 ||| qw: Do second Lair branch before Depths: true
     0 | D:1      | 0 ||| qw: Lair rune preference: random
     0 | D:1      | 0 ||| qw: Goals: Normal
     0 | D:1      | 0 ||| PLANNING D:1-11
   136 | D:1      | Reached XP level 2. HP: 16/16 MP: 3/3
   190 | D:1      | Reached skill level 3 in Ranged Weapons
   376 | D:1      | 376 ||| FLEEEEING.
   377 | D:1      | 377 ||| FLEEEEING.
   378 | D:1      | 378 ||| FLEEEEING.
   379 | D:1      | 379 ||| FLEEEEING.
   389 | D:1      | Reached XP level 3. HP: 21/21 MP: 4/4
   805 | D:1      | 805 ||| UPGRADING to +0 pair of gloves.
   810 | D:1      | 810 ||| UPGRADING to +0 leather armour.
   820 | D:1      | 820 ||| DROPPING +0 robe.
   821 | D:1      | 821 ||| READING scroll labelled YKOTUNKAOM.
   822 | D:1      | 822 ||| DROPPING scroll of poison.
  1129 | D:2      | Reached XP level 4. HP: 24/26 MP: 5/5
  1284 | D:2      | Reached skill level 4 in Ranged Weapons
  1471 | D:2      | 1471 ||| UPGRADING to +1 pair of gloves.
  1481 | D:2      | 1481 ||| DROPPING +0 pair of gloves.
  1482 | D:2      | 1482 ||| READING scroll labelled FUEGUO NEOH NIO.
  1483 | D:2      | 1483 ||| READING 2 scrolls labelled SANADO JYFA.
  1484 | D:2      | 1484 ||| DRINKING 2 silvery potions.
  1505 | D:3      | 1505 ||| PLANNING SEWER
  1509 | D:3      | Found a transporter.
  1511 | D:3      | Noticed a kobold brigand
  1512 | D:3      | Noticed qw's ghost (amateur GrHs)
  1514 | D:3      | Found a transporter.
  1584 | D:3      | Identified the +3 scale mail "Yrchawky" {*Corrode Regen+
                  | Dex+4}
  1980 | D:3      | Found a glowing drain.
  1981 | D:3      | 1981 ||| UPGRADING to +0 ring mail.
  1991 | D:3      | 1991 ||| DROPPING +0 leather armour.
  1992 | D:3      | 1992 ||| UPGRADING to amulet of guardian spirit.
  1997 | D:3      | 1997 ||| READING 2 scrolls labelled TATSAFFUTH.
  2001 | D:3      | 2001 ||| READING scroll labelled JYKKUO JENI.
  2002 | D:3      | 2002 ||| READING 3 scrolls labelled QOL SIAXIMA.
  2002 | D:3      | Identified 3 scrolls of acquirement
  2002 | D:3      | 2002 ||| ACQUIRING 1019 gold pieces
  2002 | D:3      | Acquired 1019 gold pieces
  2004 | D:3      | 2004 ||| READING 2 scrolls of acquirement.
  2004 | D:3      | 2004 ||| ACQUIRING ring of the Lotus Blossom {rF++ rN+}
  2004 | D:3      | Acquired the ring of the Lotus Blossom {rF++ rN+}
  2006 | D:3      | 2006 ||| UPGRADING to ring of the Lotus Blossom {rF++ rN+}.
  2007 | D:3      | 2007 ||| READING scroll of acquirement.
  2007 | D:3      | 2007 ||| ACQUIRING +4 ring of slaying
  2007 | D:3      | Acquired a +4 ring of slaying
  2009 | D:3      | 2009 ||| UPGRADING to +4 ring of slaying {mikee}.
  2010 | D:3      | 2010 ||| READING scroll labelled PIUCIXKELI.
  2011 | D:3      | 2011 ||| DRINKING 2 bubbling blue potions.
  2012 | D:3      | 2012 ||| READING 2 scrolls of identify.
  2012 | D:3      | 2012 ||| IDENTIFYING metallic inky potion
  2013 | D:3      | 2013 ||| DROPPING potion of magic.
  2057 | Sewer    | Entered a sewer
  2140 | Sewer    | 2140 ||| READING scroll labelled DITECR EMMIZIG.
  2143 | Sewer    | 2143 ||| Stepping ~*~*~tactically~*~*~ (water).
  2156 | Sewer    | Noticed a kobold brigand
  2156 | Sewer    | Noticed a kobold brigand
  2157 | Sewer    | 2157 ||| Stepping ~*~*~tactically~*~*~ (water).
  2162 | Sewer    | HP: 4/26 [kobold brigand/+0 whip (7)]
  2163 | Sewer    | 2163 ||| READING scroll of teleportation.
  2164 | Sewer    | 2164 ||| DRINKING potion of heal wounds.
  2246 | Sewer    | Reached skill level 1 in Armour
  2272 | Sewer    | Reached XP level 5. HP: 30/30 MP: 6/6
  2281 | Sewer    | Killed a kobold brigand
  2282 | Sewer    | Reached skill level 5 in Ranged Weapons
  2345 | Sewer    | 2345 ||| READING 2 scrolls labelled DUUCEU DOTTOMP.
  2346 | Sewer    | 2346 ||| DRINKING 2 puce potions.
  2347 | Sewer    | 2347 ||| DROPPING scroll of fog.
  2351 | D:3      | 2351 ||| PLANNING D:1-11
  2480 | D:3      | Found a shimmering altar of Xom.
  2481 | D:3      | Found a glowing golden altar of the Shining One.
  2482 | D:3      | Found a blossoming altar of Fedhas.
  2483 | D:3      | Found an ornate altar of the Wu Jian Council.
  2529 | D:4      | Noticed an ogre
  2533 | D:4      | Killed an ogre
  2534 | D:4      | Reached skill level 3 in Fighting
  2534 | D:4      | Reached XP level 6. HP: 38/38 MP: 7/7
  2581 | D:4      | Found a white marble altar of Elyvilon.
  2618 | D:4      | Found a bloodstained altar of Trog.
  2756 | D:4      | Reached skill level 6 in Ranged Weapons
  2803 | D:4      | Noticed a black bear
  2810 | D:4      | Killed a black bear
  2811 | D:4      | Reached XP level 7. HP: 27/44 MP: 4/8
  2820 | D:4      | 2820 ||| FLEEEEING.
  2821 | D:4      | 2821 ||| FLEEEEING.
  2822 | D:4      | 2822 ||| FLEEEEING.
  2823 | D:4      | 2823 ||| FLEEEEING.
  2824 | D:4      | 2824 ||| FLEEEEING.
  2825 | D:4      | 2825 ||| FLEEEEING.
  2826 | D:4      | 2826 ||| FLEEEEING.
  2827 | D:4      | 2827 ||| FLEEEEING.
  2828 | D:4      | 2828 ||| FLEEEEING.
  3039 | D:4      | 3039 ||| READING 2 scrolls labelled UCSODWY KOCOB.
  3040 | D:4      | 3040 ||| READING scroll of enchant armour.
  3040 | D:4      | 3040 ||| ENCHANTING +1 pair of gloves.
  3041 | D:4      | 3041 ||| DRINKING 2 smoky cyan potions.
  3042 | D:4      | 3042 ||| DROPPING potion of attraction.
  3065 | D:5      | Entered Level 5 of the Dungeon
  3081 | D:5      | Noticed Duvessa
  3081 | D:5      | Noticed Dowan
  3098 | D:5      | HP: 7/44 [Duvessa/+0 short sword (8)]
  3099 | D:5      | 3099 ||| READING scroll of teleportation.
  3100 | D:5      | 3100 ||| DRINKING 3 potions of heal wounds.
  3101 | D:5      | Killed Duvessa
  3197 | D:5      | Found a snail-covered altar of Cheibriados.
  3198 | D:5      | Found a burning altar of Makhleb.
  3228 | D:5      | Reached skill level 7 in Ranged Weapons
  3402 | D:5      | Killed Dowan
  3626 | D:5      | 3626 ||| READING scroll of enchant weapon.
  3626 | D:5      | 3626 ||| ENCHANTING +2 sling.
  3849 | D:5      | Reached XP level 8. HP: 42/48 MP: 7/9
  3929 | D:5      | Noticed Sigmund
  3936 | D:5      | Killed Sigmund
  3937 | D:5      | Reached skill level 8 in Ranged Weapons
  3949 | D:5      | Found an iron altar of Okawaru.
  3950 | D:5      | 3950 ||| PLANNING OKAWARU WORSHIP
  3950 | D:5      | 3950 ||| UPGRADING to +2 robe.
  3960 | D:5      | 3960 ||| DROPPING +0 ring mail.
  3961 | D:5      | 3961 ||| READING 2 scrolls of identify.
  3961 | D:5      | 3961 ||| IDENTIFYING amethyst potion
  3962 | D:5      | 3962 ||| DROPPING potion of lignification.
  3970 | D:5      | Became a worshipper of Warmaster Okawaru
  3971 | D:5      | 3971 ||| PLANNING D:1-11
  3971 | D:5      | 3971 ||| REMOVING amulet of guardian spirit.
  4134 | D:5      | 4134 ||| DROPPING amulet of guardian spirit.
  4135 | D:5      | 4135 ||| READING 2 scrolls of identify.
  4135 | D:5      | 4135 ||| IDENTIFYING metallic green potion
  4242 | D:6      | Found a staircase to the Ecumenical Temple.
  4246 | D:6      | 4246 ||| STAIRDANCE
  4434 | D:6      | Reached skill level 9 in Ranged Weapons
  5031 | D:7      | Reached * piety under Okawaru
  5032 | D:7      | Reached skill level 6 in Fighting
  5081 | D:7      | 5081 ||| INVOKING Heroism.
  5137 | D:7      | Noticed a yak
  5145 | D:7      | Killed a yak
  5146 | D:7      | Reached XP level 9. HP: 41/55 MP: 10/10
  5198 | D:7      | 5198 ||| INVOKING Heroism.
  5212 | D:7      | HP: 12/55 [orc warrior/+0 trident (7)]
  5212 | D:7      | Slain by a yak

Levels and vault maps discovered:
D:1:      doesnt_arrival_eight_statues, layout_basic
D:2:      layout_loops_ring
D:3:      layout_basic, mainiacjoe_overflow_alcove_3, portal_sewer_entry_d,
          gammafunk_ghost_arena, kennysheep_nondescript, minmay_quadrilaterals
D:4:      layout_gridville, kennysheep_mini_moat, elyvilon_altar_4
D:5:      layout_basic, okawaru_trees_1, mainiacjoe_overflow_divided_tiny,
          uniq_sigmund, uniq_duvessa
D:6:      layout_loops_ring, minmay_temple_entry_glass
D:7:      layout_basic

Skill      XL: |  1  2  3  4  5  6  7  8 |
---------------+-------------------------+-----
Ranged Weapons | 3 4 5 6 7 9 |  9.9
Fighting       | 2 3 4 6 |  6.2
Armour         | 1 |  1.0
Dodging        | 2 |  2.1
Invocations    | 2 |  2.2
Spellcasting   | |  1.0
Hexes          | |  2.6

Action                     |  1- 3 |  4- 6 |  7- 9 || total
---------------------------+-------+-------+-------++-------
   Fire: Sling             |   101 |   167 |   229 ||   497
 Invoke: Heroism           |       |       |     2 ||     2
    Use: Scroll            |     1 |    12 |     6 ||    19
         Potion            |       |     4 |     2 ||     6
 Armour: Robe              |    10 |       |    22 ||    32
         Leather armour    |     6 |    14 |       ||    20
         Ring mail         |       |    35 |    39 ||    74
  Dodge: Dodged            |    18 |    56 |    68 ||   142

Table legend:
 A = Non-vault XP
 B = Vault XP
 C = Vault XP percentage of total XP
 D = Non-vault monster count
 E = Vault monster count
 F = Vault count percentage of total count
                 A         B        C        D         E       F
            +---------+---------+-------+---------+---------+-------
      Total |    2120 |     598 |  22.0 |     129 |      28 |  17.8
            +---------+---------+-------+---------+---------+-------
        D:1 |      56 |       0 |   0.0 |      30 |       0 |   0.0
        D:2 |      43 |       0 |   0.0 |      17 |       0 |   0.0
        D:3 |      23 |      22 |  48.9 |      11 |       7 |  38.9
        D:4 |     460 |       0 |   0.0 |      17 |       0 |   0.0
        D:5 |     338 |     448 |  57.0 |      19 |       3 |  13.6
        D:6 |     462 |       0 |   0.0 |      12 |       0 |   0.0
        D:7 |     738 |       0 |   0.0 |      23 |       0 |   0.0
      Sewer |       0 |     128 | 100.0 |       0 |      18 | 100.0
            +---------+---------+-------+---------+---------+-------
